 Dungeon Crawl Stone Soup version 0.19-a0-1007-g133f65f (webtiles) character file.

1667 mrath the Basher (level 8, -17/70 HPs)
             Began as a Minotaur Fighter on July 20, 2016.
             Was a Follower of Okawaru.
             Demolished by Duffy's ghost (22 damage)
             ... on level 7 of the Dungeon on July 21, 2016.
             The game lasted 00:22:52 (5774 turns).

mrath the Basher (Minotaur Fighter)                 Turns: 5774, Time: 00:22:53

Health: -17/70     AC: 14    Str: 29    XL:     8   Next: 69%
Magic:  0/7        EV:  7    Int:  5    God:    Okawaru [*.....]
Gold:   285        SH: 11    Dex:  9    Spells: 0 memorised, 7 levels left

rFire  + . .     SeeInvis .     a - +0 flail
rCold  . . .     Gourm    .     o - +0 plate armour
rNeg   . . .     Faith    .     c - +0 shield
rPois  .         Spirit   +     (helmet restricted)
rElec  .         Dismiss  .     (no cloak)
rCorr  .         Reflect  .     F - +1 pair of gloves
SustAt .         Harm     .     (no boots)
MR     .....                    w - amulet of guardian spirit
Stlth  ..........               l - ring of protection from fire
                                i - +2 ring of slaying

@: mighty, not resistant to hostile enchantments, extremely unstealthy
A: retaliatory headbutt, horns 2
a: Heroism, Renounce Religion


You were on level 7 of the Dungeon.
You worshipped Okawaru.
Okawaru was aware of your devotion.
You were not hungry.

You visited 2 branches of the dungeon, and saw 8 of its levels.

You collected 285 gold pieces.

Inventory:

Hand Weapons
 a - a +0 flail (weapon)
 j - a +0 hunting sling
 C - a +2 whip of flaming
 K - a +0 hunting sling
Missiles
 g - 332 stones
 s - 52 sling bullets
 u - 7 javelins (quivered)
 y - 3 curare-tipped needles
Armour
 c - a +0 shield (worn)
 o - a +0 plate armour (worn)
 F - a +1 pair of gloves (worn)
Jewellery
 i - a +2 ring of slaying (left hand)
 l - a ring of protection from fire (right hand)
 w - an amulet of guardian spirit (around neck)
Scrolls
 e - a scroll of identify
 n - 3 scrolls of fog {unknown}
 t - 4 scrolls of enchant weapon {unknown}
 x - 2 scrolls of recharging {unknown}
 z - 3 scrolls of teleportation {unknown}
 A - a scroll of random uselessness {unknown}
 E - 2 scrolls of fear {unknown}
 I - a scroll of magic mapping {unknown}
 J - a scroll of remove curse
Potions
 d - 4 potions of might
 h - a potion of heal wounds {unknown}
 p - 4 potions of curing
 r - a potion of lignification {unknown}
 B - a potion of invisibility {unknown}
 D - a potion of flight {unknown}
 G - 3 potions of agility {unknown}
Books
 H - an Akashic Record

   Spells                             Type                      Level
   a - Dispersal                      Translocation                6
   b - Malign Gateway                 Summoning/Translocation      7
   c - Disjunction                    Translocation                8
   d - Controlled Blink               Translocation                8
Comestibles
 f - 6 bread rations
 k - a royal jelly
 m - a slice of pizza
 q - 3 meat rations
 v - 2 beef jerkies


   Skills:
 + Level 5.9 Fighting
 + Level 9.4 Maces & Flails
 + Level 5.9 Armour
 + Level 4.1 Dodging
 + Level 6.2 Shields


You had 7 spell levels left.
You didn't know any spells.

Dungeon Overview and Level Annotations

Branches:
Dungeon (7/15)             Temple (1/1) D:6

Altars:
Ashenzari
Dithmenos
Fedhas
Kikubaaqudgha
Makhleb
Nemelex Xobeh
Okawaru
Qazlal
Ru
Sif Muna
Trog
Vehumet
Xom
Zin

Shops:
D:6 *

Annotations:
D:7 Duffy's ghost, novice OgFi


Innate Abilities, Weirdness & Mutations

You reflexively headbutt those who attack you in melee.
You have a pair of horns on your head.


Message History

You hit Duffy's ghost but do no damage.
Duffy's ghost is heavily damaged.
Duffy's ghost shouts, "You must not succeed where I failed!"
Duffy's ghost hits you.
* * * LOW HITPOINT WARNING * * *
You hit Duffy's ghost.
Duffy's ghost is heavily damaged.
You feel like a meek peon again.
You thump Duffy's ghost!
You headbutt Duffy's ghost, but do no damage.
Duffy's ghost is heavily damaged.
You block Duffy's ghost's attack.
You feel very mighty all of a sudden.
Duffy's ghost says, "Death is your only future!"
Duffy's ghost hits you!
* * * LOW HITPOINT WARNING * * *
You hit Duffy's ghost.
Duffy's ghost is heavily damaged.
Duffy's ghost hits you!!
You die...

... #######.#. ... #.#.
#.# #.## #W# #.# #.# #.#
#.# #.## #.# #..)
#.#####################.##
#.....(.W@..............#
#########################


You could see Duffy's ghost.

Vanquished Creatures
  Joseph (D:7)
  An ice beast (D:5)
  A phantom (D:6)
  3 centaurs
  An ogre (D:5)
  A big kobold (D:7)
  A scorpion (D:4)
  A giant frog zombie (D:5)
  2 crimson imps
  2 hounds
  Jessica (D:3)
  2 iguanas
  4 orc wizards
  5 worker ants
  A hound skeleton (D:5)
  4 gnolls (D:4)
  7 adders
  An adder skeleton (D:5)
  A worm (D:3)
  2 dart slugs (D:1)
  8 giant geckos
  16 orcs
  2 ball pythons
  3 bats
  A giant cockroach (D:2)
  6 hobgoblins
  11 jackals
  10 kobolds
  7 quokkas
  A giant gecko skeleton (D:5)
  3 giant newts
  4 goblins
  A jackal skeleton (D:4)
  A quokka zombie (D:5)
  7 rats
123 creatures vanquished.

Notes
Turn   | Place    | Note
-------+----------+-------------------------------------------
     0 | D:1      | mrath the Minotaur Fighter began the quest for the Orb.
     0 | D:1      | Reached XP level 1. HP: 19/19 MP: 0/0
   208 | D:1      | Reached skill level 3 in Maces & Flails
   367 | D:1      | Reached XP level 2. HP: 26/26 MP: 1/1
   773 | D:2      | Reached skill level 4 in Maces & Flails
   841 | D:2      | Reached XP level 3. HP: 31/31 MP: 2/2
   865 | D:2      | Found a deep blue altar of Sif Muna.
  1047 | D:2      | Reached skill level 5 in Maces & Flails
  1274 | D:2      | Reached XP level 4. HP: 39/39 MP: 3/3
  1934 | D:3      | Noticed Jessica
  1940 | D:3      | Killed Jessica
  1940 | D:3      | Reached skill level 6 in Maces & Flails
  2181 | D:3      | Reached XP level 5. HP: 8/45 MP: 4/4
  2182 | D:3      | HP: 1/45 [orc wizard/magic dart (8)]
  2761 | D:4      | Reached skill level 7 in Maces & Flails
  2799 | D:4      | Reached XP level 6. HP: 49/51 MP: 5/5
  2975 | D:4      | Reached skill level 8 in Maces & Flails
  3474 | D:5      | Entered Level 5 of the Dungeon
  3721 | D:5      | Noticed an ice beast
  3724 | D:5      | Reached skill level 1 in Dodging
  3724 | D:5      | Reached XP level 7. HP: 59/59 MP: 6/6
  4435 | D:6      | Found a staircase to the Ecumenical Temple.
  4440 | Temple   | Entered the Ecumenical Temple
  4474 | Temple   | Became a worshipper of Warmaster Okawaru
  4546 | D:6      | Reached skill level 5 in Shields
  4566 | D:6      | Found Zatuw's Elemental Accessories.
  4774 | D:6      | Reached skill level 9 in Maces & Flails
  4774 | D:6      | Reached skill level 5 in Armour
  4774 | D:6      | Reached XP level 8. HP: 58/67 MP: 4/7
  4786 | D:6      | Reached skill level 5 in Fighting
  5098 | D:7      | Noticed Joseph
  5122 | D:7      | Killed Joseph
  5122 | D:7      | Reached * piety under Okawaru
  5745 | D:7      | Noticed Duffy's ghost (novice OgFi)
  5774 | D:7      | Demolished by Duffy's ghost

Vault maps used:
D:1:      dpeg_arrival_leaves_temple_mockup, minmay_tetromino_l2
D:2:      led_sif_pool, first_bread
D:3:      serial_bayou_crossing, uniq_jessica
D:4:      st_stairs_5
D:6:      nicolae_elemental_shop
D:7:      uniq_joseph
Temple:   nicolae_temple_elliptical

Skill      XL: |  1  2  3  4  5  6  7  8 |
---------------+-------------------------+-----
Maces & Flails | 3 4 5 6 7 8 9 |  9.4
Shields        | 4 5 6 |  6.2
Fighting       | 4 5 |  5.9
Armour         | 4 5 |  5.9
Dodging        | 1 2 4 |  4.1

Action                   |  1- 3 |  4- 6 |  7- 9 || total
-------------------------+-------+-------+-------++-------
Melee: Flail             |    87 |   207 |   139 ||   433
       Headbutt          |    10 |    21 |    24 ||    55
Throw: Javelin           |       |       |    10 ||    10
Invok: Heroism           |       |       |     1 ||     1
  Use: Potion            |       |     1 |     2 ||     3
       Scroll            |       |     4 |     1 ||     5
  Eat: Chunk             |     1 |     8 |     7 ||    16
Armor: Scale mail        |    30 |    56 |       ||    86
       Plate armour      |       |    15 |    56 ||    71
Dodge: Dodged            |    23 |    53 |    19 ||    95
Block: Shield            |    43 |    94 |    59 ||   196
